[Event "ICC tourney 2308 (3 2)"]
[Site "Internet Chess Club"]
[Date "2021.01.15"]
[Round "10"]
[White "arunjayanthi"]
[Black "sahina"]
[Result "1-0"]
[ICCResult "Black forfeits on time"]
[WhiteElo "1524"]
[BlackElo "1550"]
[Opening "QP counter-gambit (elephant gambit)"]
[ECO "C40"]
[NIC "KP.10"]
[Time "22:20:12"]
[PlyCount "111"]
[TimeControl "180+2"]

1. e4 e5 2. Nf3 d5 3. exd5 e4 4. Ng1 Nf6 5. Nc3 Bc5 6. d4 exd3 7. Bxd3 O-O
8. Nf3 Re8+ 9. Be2 Qe7 10. O-O Bb4 11. Re1 Bxc3 12. bxc3 Qc5 13. Qd4 Qxd5
14. Bg5 Nbd7 15. Bc4 Qxd4 16. Rxe8+ Nxe8 17. Nxd4 Ndf6 18. Re1 Bd7 19. Re7
h6 20. Bxf6 Nxf6 21. Rxf7 Kh8 22. Re7 Rd8 23. f3 c5 24. Nb3 b6 25. Re3 Bf5
26. Bd3 Nd5 27. Re1 Nxc3 28. Bxf5 Rf8 29. Be6 Nxa2 30. Nxc5 bxc5 31. Bxa2
Rb8 32. Bb3 a5 33. Re5 Rc8 34. c4 Kg8 35. Re7 Kf8 36. Ra7 Rb8 37. Ba4 Rb1+
38. Kf2 Rb4 39. Bb5 a4 40. Rxa4 Rxa4 41. Bxa4 Ke7 42. Ke3 Kd6 43. Ke4 g5
44. g4 Ke6 45. Bc6 Kd6 46. Bd5 Ke7 47. Kf5 Kf8 48. Ke6 Kg7 49. Kd6 Kg6 50.
Kxc5 h5 51. h3 hxg4 52. hxg4 Kf6 53. Kd4 Kg6 54. c5 Kf6 55. c6 Kg6 56. c7 {
Black forfeits on time } 1-0

[Event "ICC tourney 2308 (3 2)"]
[Site "Internet Chess Club"]
[Date "2021.01.15"]
[Round "10"]
[White "HR2005"]
[Black "drberkley"]
[Result "1-0"]
[ICCResult "Black forfeits on time"]
[WhiteElo "2041"]
[BlackElo "1952"]
[Opening "Pirc defense"]
[ECO "B07"]
[NIC "PU.07"]
[Time "22:20:51"]
[PlyCount "139"]
[TimeControl "180+2"]

1. e4 d6 2. d4 Nf6 3. Nc3 g6 4. Be3 Bg7 5. Qd2 a6 6. Bh6 O-O 7. O-O-O b5 8.
a3 Bb7 9. f3 Nc6 10. h4 Bxh6 11. Qxh6 e5 12. d5 Nd4 13. h5 Qe7 14. Nge2
Nxe2+ 15. Nxe2 c6 16. dxc6 Bxc6 17. Ng3 Bd7 18. Qg5 Rfe8 19. hxg6 fxg6 20.
Nf5 Bxf5 21. exf5 Kg7 22. Qh6+ Kg8 23. fxg6 hxg6 24. Qxg6+ Qg7 25. Qxg7+
Kxg7 26. Rxd6 Red8 27. Rxd8 Rxd8 28. Bd3 Re8 29. g4 e4 30. Bxe4 Nxe4 31.
fxe4 Rxe4 32. Rg1 Kg6 33. Kd2 Kg5 34. Kd3 Re6 35. c3 Rf6 36. Kd4 Rf2 37. b3
Rb2 38. b4 Rb3 39. Ra1 Kxg4 40. Kd3 Rb2 41. a4 Kf4 42. axb5 axb5 43. Ra5
Rb1 44. Rxb5 Rd1+ 45. Kc4 Ke4 46. Rb8 Rb1 47. Re8+ Kf5 48. Kc5 Kf6 49. c4
Kf7 50. Re2 Ra1 51. b5 Ra8 52. Kb4 Rc8 53. c5 Rd8 54. b6 Rd1 55. Kb5 Rc1
56. Kc6 Rb1 57. b7 Rb3 58. Kc7 Rb2 59. c6 Rxe2 60. b8=Q Re7+ 61. Kb6 Re1
62. Qf4+ Ke8 63. Qb8+ Kf7 64. Qc7+ Kf8 65. Qd8+ Kf7 66. Qd7+ Kf8 67. c7
Rb1+ 68. Qb5 Rc1 69. Kb7 Rb1 70. Qxb1 { Black forfeits on time } 1-0

[Event "ICC tourney 2308 (3 2)"]
[Site "Internet Chess Club"]
[Date "2021.01.15"]
[Round "10"]
[White "MrWizard"]
[Black "pyaru536"]
[Result "0-1"]
[ICCResult "White resigns"]
[WhiteElo "2019"]
[BlackElo "2092"]
[Opening "Queen's pawn, Mason variation, Steinitz counter-gambit"]
[ECO "D00"]
[NIC "QP.08"]
[Time "22:20:04"]
[PlyCount "112"]
[TimeControl "180+2"]

1. d4 d5 2. Bf4 c5 3. e3 Nc6 4. Nc3 cxd4 5. exd4 a6 6. Nf3 Bg4 7. h3 Bxf3
8. gxf3 e6 9. a3 Bd6 10. Qd2 Nge7 11. Rg1 Nf5 12. Be5 f6 13. Bxd6 Qxd6 14.
Ne2 h5 15. c3 h4 16. Qf4 Kd7 17. Qxd6+ Kxd6 18. Nc1 g5 19. Bd3 Ng7 20. Nb3
b6 21. O-O-O Nh5 22. c4 Nf4 23. c5+ bxc5 24. dxc5+ Kc7 25. Rge1 Rhb8 26.
Kc2 a5 27. Bf1 a4 28. Nd4 Nxd4+ 29. Rxd4 Ra5 30. Kb1 Kc6 31. Rc1 e5 32. Rb4
Raa8 33. Rd1 Kxc5 34. Rc1+ Kd6 35. Rxb8 Rxb8 36. Ka2 Rb3 37. Rc8 Rxf3 38.
Ra8 Nxh3 39. Rxa4 Nxf2 40. Rb4 h3 41. a4 g4 42. a5 h2 43. Bg2 Rg3 44. Rb6+
Kc7 45. Bxd5 h1=Q 46. Bxh1 Nxh1 47. Rxf6 Rf3 48. Re6 g3 49. Rg6 e4 50. a6
e3 51. Rg7+ Kb8 52. a7+ Ka8 53. b4 e2 54. Re7 g2 55. b5 g1=Q 56. b6 Qxb6 {
White resigns } 0-1

[Event "ICC tourney 2308 (3 2)"]
[Site "Internet Chess Club"]
[Date "2021.01.15"]
[Round "10"]
[White "kittypuppy"]
[Black "clair"]
[Result "1-0"]
[ICCResult "Black checkmated"]
[WhiteElo "1058"]
[BlackElo "1681"]
[Opening "Modern defense"]
[ECO "A40"]
[NIC "QO.17"]
[Time "22:20:00"]
[PlyCount "155"]
[TimeControl "180+2"]

1. d4 g6 2. c4 Bg7 3. Nc3 e6 4. Nf3 Ne7 5. Bf4 d6 6. e3 Nd7 7. Bd3 b6 8.
Qc2 Bb7 9. Qe2 Nf6 10. O-O Nh5 11. Bg5 h6 12. Bxe7 Qxe7 13. b4 O-O 14. a4
a6 15. b5 a5 16. Rac1 Rac8 17. Be4 Ba8 18. Bxa8 Rxa8 19. Ne4 d5 20. cxd5
exd5 21. Ned2 Rac8 22. Qd3 Nf6 23. Ne5 Nd7 24. Nc6 Qf6 25. Qb3 Qe6 26. Nf3
Rfe8 27. Rfe1 Bf8 28. Nfe5 Nxe5 29. Nxe5 Bb4 30. Red1 Red8 31. Nc6 Bd6 32.
Nxd8 Rxd8 33. Qd3 Qg4 34. g3 h5 35. Re1 h4 36. Qe2 Qh3 37. Qf1 Qg4 38. Qg2
hxg3 39. hxg3 Bb4 40. Red1 Kg7 41. Kh2 Rh8+ 42. Kg1 Bd6 43. Kf1 Qf5 44. g4
Qg5 45. f4 Qh4 46. Ke2 Rh7 47. Rh1 Qf6 48. Rxh7+ Kxh7 49. Qh3+ Kg7 50. g5
Qf5 51. Qxf5 gxf5 52. Rh1 Kg6 53. Rh6+ Kg7 54. Kd3 Kg8 55. Rf6 Bb4 56. Rxf5
Kg7 57. Rxd5 Bd6 58. f5 f6 59. gxf6+ Kxf6 60. e4 Bb4 61. Rd7 Bd6 62. e5+
Bxe5 63. dxe5+ Kxe5 64. Rxc7 Kxf5 65. Rc4 Ke5 66. Ke3 Kd5 67. Rh4 Kc5 68.
Kd3 Kd5 69. Rh5+ Kd6 70. Ke4 Kc7 71. Rh6 Kb7 72. Ke5 Kc7 73. Kd5 Kd7 74.
Rh7+ Kc8 75. Kd6 Kb8 76. Kc6 Ka8 77. Kxb6 Kb8 78. Rh8# { Black checkmated }
1-0

[Event "ICC tourney 2308 (3 2)"]
[Site "Internet Chess Club"]
[Date "2021.01.15"]
[Round "10"]
[White "wolverine54"]
[Black "BrodskyUTD"]
[Result "1-0"]
[ICCResult "Black resigns"]
[WhiteElo "2327"]
[BlackElo "2564"]
[Opening "Sicilian: Najdorf, Adams attack"]
[ECO "B90"]
[NIC "SI.14"]
[Time "22:20:06"]
[PlyCount "119"]
[TimeControl "180+2"]

1. e4 c5 2. Nf3 d6 3. d4 cxd4 4. Nxd4 Nf6 5. Nc3 a6 6. h3 e5 7. Nde2 h5 8.
Bg5 Be7 9. Qd2 Be6 10. O-O-O Nbd7 11. Kb1 Rc8 12. f3 b5 13. Be3 b4 14. Na4
Qa5 15. b3 d5 16. exd5 Nxd5 17. Nc1 Nc5 18. Bxc5 Bxc5 19. Bc4 Rd8 20. Bxd5
Rxd5 21. Qxd5 Bxd5 22. Rxd5 O-O 23. Rxc5 Qd8 24. Rxe5 Qd4 25. Re4 Qd2 26.
Re2 Qd4 27. Rhe1 g6 28. Nd3 a5 29. Re8 Rxe8 30. Rxe8+ Kg7 31. Re1 h4 32.
Nab2 Qd6 33. Kc1 Qg3 34. Re2 Qc7 35. Kd1 Qg3 36. Nc4 Qc7 37. Re5 a4 38. Re2
axb3 39. axb3 Qb7 40. Ke1 Qb8 41. Kf1 Qa7 42. Re1 Qb8 43. Re4 Qa7 44. Nxb4
Qa1+ 45. Re1 Qc3 46. Nd5 Qxc2 47. Nde3 Qxb3 48. Re2 Qd3 49. Nd2 Qd4 50. Ke1
Qa1+ 51. Kf2 Qd4 52. Kf1 Qa1+ 53. Re1 Qd4 54. Ke2 Qe5 55. Rb1 Qc5 56. Rb3
Qd6 57. Rd3 Qa6 58. Ne4 Qa2+ 59. Rd2 Qc4+ 60. Nxc4 { Black resigns } 1-0

[Event "ICC tourney 2308 (3 2)"]
[Site "Internet Chess Club"]
[Date "2021.01.15"]
[Round "10"]
[White "saif-shawkat"]
[Black "A4-H5"]
[Result "1-0"]
[ICCResult "Black checkmated"]
[WhiteElo "2059"]
[BlackElo "1999"]
[Opening "Sicilian: Nimzovich-Rubinstein variation"]
[ECO "B29"]
[NIC "SI.43"]
[Time "22:20:09"]
[PlyCount "135"]
[TimeControl "180+2"]

1. e4 c5 2. Nf3 Nf6 3. e5 Nd5 4. Nc3 Nxc3 5. dxc3 d5 6. exd6 exd6 7. Bc4
Be7 8. O-O O-O 9. Bf4 Bg4 10. h3 Bh5 11. Re1 Nc6 12. b4 cxb4 13. cxb4 Nxb4
14. Rxe7 Bxf3 15. Qxd6 Qxd6 16. Bxd6 Nxc2 17. Rc1 Nd4 18. gxf3 Rad8 19. Bc7
Nxf3+ 20. Kg2 Nh4+ 21. Kf1 Rd2 22. Bf4 Rd4 23. Be3 Rdd8 24. Bb3 Nf5 25.
Rxb7 a5 26. Rcc7 a4 27. Bxa4 Nd6 28. Rb1 h6 29. Bc5 Ne8 30. Bxf8 Nxc7 31.
Bc5 Ne6 32. Be3 g5 33. Bb3 Nc7 34. Bb6 Rd7 35. Ba4 Re7 36. Bxc7 Rxc7 37.
Rb6 Kg7 38. Bb3 Rc1+ 39. Kg2 h5 40. Rb7 Rb1 41. Rxf7+ Kh6 42. Rf6+ Kg7 43.
Rf5 Kg6 44. Ra5 Kf6 45. Bc2 Rb2 46. Be4 g4 47. h4 Re2 48. Bd5 Re5 49. Rb5
Kf5 50. Bc4 Ke4 51. Rxe5+ Kxe5 52. Bf7 Kd4 53. Bxh5 g3 54. fxg3 Ke5 55. Kf3
Kf6 56. Bg4 Kg7 57. Kf4 Kh6 58. Kf5 Kg7 59. Kg5 Kf7 60. a4 Ke7 61. h5 Kf8
62. h6 Kg8 63. a5 Kf7 64. a6 Kg8 65. a7 Kh7 66. Bf5+ Kg8 67. Kf6 Kh8 68.
a8=Q# { Black checkmated } 1-0

[Event "ICC tourney 2308 (3 2)"]
[Site "Internet Chess Club"]
[Date "2021.01.15"]
[Round "10"]
[White "Retrospective"]
[Black "Sparta250"]
[Result "1/2-1/2"]
[ICCResult "Game drawn by repetition"]
[WhiteElo "2668"]
[BlackElo "2702"]
[Opening "Caro-Kann: classical variation"]
[ECO "B18"]
[NIC "CK.10"]
[Time "22:20:05"]
[PlyCount "130"]
[TimeControl "180+2"]

1. e4 c6 2. d4 d5 3. Nc3 dxe4 4. Nxe4 Bf5 5. Ng3 Bg6 6. Nf3 Nd7 7. Bd3 e6
8. O-O Ngf6 9. Re1 Be7 10. c4 O-O 11. Bxg6 hxg6 12. Bg5 Qb6 13. Qc2 Rfe8
14. Rad1 Rad8 15. h4 a5 16. b3 a4 17. Rb1 axb3 18. axb3 Ra8 19. b4 Ra3 20.
Be3 Qc7 21. Bc1 Ra6 22. Ne2 Rea8 23. Nc3 b5 24. c5 Nd5 25. Nxd5 cxd5 26. g3
Ra2 27. Rb2 Ra1 28. Rb1 R1a4 29. Bf4 Qc8 30. Kg2 Bf6 31. g4 Bd8 32. Bg3 Bc7
33. Bxc7 Qxc7 34. Ne5 Nf6 35. Qe2 Ne4 36. Rb2 f6 37. Nd3 Ra3 38. Rh1 Rc3
39. Rh3 Raa3 40. Ra2 Rxa2 41. Qxa2 Kh7 42. Qa6 Rc2 43. h5 gxh5 44. Qxe6 g6
45. gxh5 Ng5 46. hxg6+ Kg7 47. Rh7+ Nxh7 48. gxh7 Kxh7 49. Qf5+ Kg8 50. Nf4
Qg7+ 51. Kf3 Rc3+ 52. Ke2 Qe7+ 53. Kd2 Rc4 54. Qxd5+ Qf7 55. Qa8+ Kg7 56.
Qg2+ Kh7 57. Qe4+ f5 58. Qh1+ Kg8 59. Qg2+ Kh7 60. Qh3+ Kg8 61. Qg2+ Kh7
62. Qh1+ Kg8 63. Qa8+ Kh7 64. Qh1+ Kg8 65. Qg2+ Kh7 { Game drawn by
repetition } 1/2-1/2

[Event "ICC tourney 2308 (3 2)"]
[Site "Internet Chess Club"]
[Date "2021.01.15"]
[Round "10"]
[White "Assured"]
[Black "PappusChain923"]
[Result "0-1"]
[ICCResult "White forfeits on time"]
[WhiteElo "2552"]
[BlackElo "2147"]
[Opening "King's Indian: Torre attack"]
[ECO "A48"]
[NIC "QP.01"]
[Time "22:20:21"]
[PlyCount "112"]
[TimeControl "180+2"]

1. d4 Nf6 2. Nf3 g6 3. Bg5 Bg7 4. Nbd2 d5 5. e3 O-O 6. Be2 c5 7. c3 Nc6 8.
O-O Qb6 9. Qb3 Bf5 10. Rfe1 c4 11. Qa3 h6 12. Bh4 Rfe8 13. Bf1 a5 14. b3
Nb4 15. cxb4 axb4 16. Qc1 c3 17. Bxf6 cxd2 18. Qxd2 Bxf6 19. Rec1 Rec8 20.
Rxc8+ Rxc8 21. Rc1 Rxc1 22. Qxc1 Qc6 23. Qd2 Qc3 24. Qe2 Bb1 25. Qd2 e6 26.
h3 Be7 27. Bb5 Bd6 28. Kf1 Qa1 29. Ke2 Qxa2 30. Qxa2 Bxa2 31. Nd2 e5 32.
Bd7 exd4 33. exd4 Bf4 34. Ba4 b5 35. Bxb5 Bxd2 36. Kxd2 Bxb3 37. h4 Kf8 38.
Bc6 Ke7 39. g3 Bc4 40. Ba4 Kf6 41. Be8 Ke6 42. Kc2 g5 43. hxg5 hxg5 44. Kd2
f6 45. Bg6 Kd6 46. Be8 Kc7 47. Kc1 Kb6 48. Kb2 Kc7 49. Kc1 Kd8 50. Bc6 Ke7
51. Kd2 Ke6 52. Ba4 Kf5 53. Bc2+ Kg4 54. Ke3 Kh3 55. Bf5+ Kg2 56. Bc2 Kf1 {
White forfeits on time } 0-1

[Event "ICC tourney 2308 (3 2)"]
[Site "Internet Chess Club"]
[Date "2021.01.15"]
[Round "10"]
[White "jy2020"]
[Black "MrNormalName"]
[Result "1/2-1/2"]
[ICCResult "Game drawn by repetition"]
[WhiteElo "2213"]
[BlackElo "2174"]
[Opening "Ruy Lopez: Berlin defense"]
[ECO "C65"]
[NIC "RL.07"]
[Time "22:20:17"]
[PlyCount "149"]
[TimeControl "180+2"]

1. e4 e5 2. Nf3 Nc6 3. Bb5 Nf6 4. d3 Bc5 5. O-O Nd4 6. Nxd4 Bxd4 7. c3 Bb6
8. Be3 Bxe3 9. fxe3 c6 10. Ba4 O-O 11. Bb3 d5 12. exd5 cxd5 13. Nd2 Bd7 14.
Qe2 Re8 15. h3 Rc8 16. a4 Qb6 17. Qf2 Re7 18. Rae1 Qa6 19. Qe2 Qb6 20. Qf2
Qa6 21. Qe2 Qd6 22. Qf2 Kh8 23. e4 dxe4 24. Nxe4 Nxe4 25. dxe4 a6 26. Rd1
Qg6 27. Qe3 Bc6 28. Rfe1 Ree8 29. a5 Red8 30. Bd5 Rd6 31. c4 f6 32. b3 Qe8
33. Rd2 Qd8 34. Red1 Qxa5 35. c5 Rdd8 36. Bxc6 bxc6 37. b4 Qc7 38. Rd6 Rxd6
39. Rxd6 Rd8 40. Qd3 Rxd6 41. cxd6 Qd7 42. Qxa6 Kg8 43. Qa8+ Kf7 44. Qb8 h6
45. Qc7 Ke6 46. Qb6 Qxd6 47. Qb7 Qd4+ 48. Kh2 Qxe4 49. Qxg7 Qf4+ 50. Kh1 e4
51. Qg8+ Ke5 52. Qb8+ Kf5 53. Qc8+ Kg5 54. Qg8+ Kh4 55. Qe6 Qf1+ 56. Kh2
Qf4+ 57. Kh1 e3 58. Qe7 Qf1+ 59. Kh2 e2 60. g3+ Kg5 61. Qg7+ Kf5 62. Qd7+
Ke5 63. Qe7+ Kd4 64. Qd6+ Kc4 65. Qxc6+ Kxb4 66. Qb6+ Kc4 67. Qc6+ Kd4 68.
Qd6+ Ke3 69. Qc5+ Kd2 70. Qd4+ Ke1 71. Qc3+ Kd1 72. Qd3+ Ke1 73. Qc3+ Kd1
74. Qd3+ Ke1 75. Qc3+ { Game drawn by repetition } 1/2-1/2

[Event "ICC tourney 2308 (3 2)"]
[Site "Internet Chess Club"]
[Date "2021.01.15"]
[Round "10"]
[White "Ayushb"]
[Black "leilei8514"]
[Result "1/2-1/2"]
[ICCResult "Game drawn by repetition"]
[WhiteElo "1769"]
[BlackElo "1397"]
[Opening "Sicilian: Pelikan (Lasker/Sveshnikov) variation"]
[ECO "B33"]
[NIC "SI.35"]
[Time "22:20:16"]
[PlyCount "301"]
[TimeControl "180+2"]

1. e4 c5 2. Nf3 Nc6 3. d4 cxd4 4. Nxd4 Nf6 5. Nc3 e5 6. Ndb5 d6 7. Nd5 Nxd5
8. exd5 Ne7 9. c4 Ng6 10. Be3 a6 11. Nc3 Bd7 12. Bd3 Be7 13. O-O O-O 14. b4
Rc8 15. Na4 b5 16. Nb6 Rb8 17. c5 dxc5 18. bxc5 Bf6 19. Rc1 Nf4 20. c6 Rxb6
21. Bxb6 Qxb6 22. cxd7 Qd8 23. Bf5 g6 24. Rc8 Qe7 25. Rxf8+ Kxf8 26. Be4
Qxd7 27. Qf3 Kg7 28. Rd1 Qd6 29. g3 Nh5 30. Qc3 Be7 31. Qc6 Qa3 32. d6 Bd8
33. d7 Qe7 34. Qxa6 Nf6 35. Bc6 e4 36. Qxb5 e3 37. Qe2 exf2+ 38. Qxf2 Ng4
39. Qd4+ Nf6 40. Rf1 Kg8 41. h4 h5 42. Kh2 Ng4+ 43. Kg1 Qe2 44. Bg2 Ne3 45.
Rf2 Qe1+ 46. Bf1 Nxf1 47. Rxf1 Qxg3+ 48. Kh1 Qh3+ 49. Kg1 Qg3+ 50. Kh1 Qh3+
51. Kg1 Qg3+ 52. Kh1 Qh3+ 53. Kg1 Qg3+ 54. Kh1 Qh3+ 55. Kg1 Qg3+ 56. Kh1
Qh3+ 57. Kg1 Qg3+ 58. Kh1 Qh3+ 59. Kg1 Qg3+ 60. Kh1 Qh3+ 61. Kg1 Qg3+ 62.
Kh1 Qh3+ 63. Kg1 Qg3+ 64. Kh1 Qh3+ 65. Kg1 Qg3+ 66. Kh1 Qh3+ 67. Kg1 Qg3+
68. Kh1 Qh3+ 69. Kg1 Qg3+ 70. Kh1 Qh3+ 71. Kg1 Qg3+ 72. Kh1 Qh3+ 73. Kg1
Qg3+ 74. Kh1 Qh3+ 75. Kg1 Qg3+ 76. Kh1 Qh3+ 77. Kg1 Qg3+ 78. Kh1 Qh3+ 79.
Kg1 Qg3+ 80. Kh1 Qh3+ 81. Kg1 Qg3+ 82. Kh1 Qh3+ 83. Kg1 Qg3+ 84. Kh1 Qh3+
85. Kg1 Qg3+ 86. Kh1 Qh3+ 87. Kg1 Qg3+ 88. Kh1 Qh3+ 89. Kg1 Qg3+ 90. Kh1
Qh3+ 91. Kg1 Qg3+ 92. Kh1 Qh3+ 93. Kg1 Qg3+ 94. Kh1 Qh3+ 95. Kg1 Qg3+ 96.
Kh1 Qh3+ 97. Kg1 Qg3+ 98. Kh1 Qh3+ 99. Kg1 Qg3+ 100. Kh1 Qh3+ 101. Kg1 Qg3+
102. Kh1 Qh3+ 103. Kg1 Qg3+ 104. Kh1 Qh3+ 105. Kg1 Qg3+ 106. Kh1 Qh3+ 107.
Kg1 Qg3+ 108. Kh1 Qh3+ 109. Kg1 Qg3+ 110. Kh1 Qh3+ 111. Kg1 Qg3+ 112. Kh1
Qh3+ 113. Kg1 Qg3+ 114. Kh1 Qh3+ 115. Kg1 Qg3+ 116. Kh1 Qh3+ 117. Kg1 Qg3+
118. Kh1 Qh3+ 119. Kg1 Qg3+ 120. Kh1 Qh3+ 121. Kg1 Qg3+ 122. Kh1 Qh3+ 123.
Kg1 Qg3+ 124. Kh1 Qh3+ 125. Kg1 Qg3+ 126. Kh1 Qh3+ 127. Kg1 Qg3+ 128. Kh1
Qh3+ 129. Kg1 Qg3+ 130. Kh1 Qh3+ 131. Kg1 Qg3+ 132. Kh1 Qh3+ 133. Kg1 Qg3+
134. Kh1 Qh3+ 135. Kg1 Qg3+ 136. Kh1 Qh3+ 137. Kg1 Qg3+ 138. Kh1 Qh3+ 139.
Kg1 Qg3+ 140. Kh1 Qh3+ 141. Kg1 Qg3+ 142. Kh1 Qh3+ 143. Kg1 Qg3+ 144. Kh1
Qh3+ 145. Kg1 Qg3+ 146. Kh1 Qh3+ 147. Kg1 Qg3+ 148. Kh1 Qh3+ 149. Kg1 Qg3+
150. Kh1 Qh3+ 151. Kg1 { Game drawn by repetition } 1/2-1/2

[Event "ICC tourney 2308 (3 2)"]
[Site "Internet Chess Club"]
[Date "2021.01.15"]
[Round "10"]
[White "MarfaEs"]
[Black "ASharikov"]
[Result "0-1"]
[ICCResult "White checkmated"]
[WhiteElo "2004"]
[BlackElo "2281"]
[Opening "English: four knights, kingside fianchetto"]
[ECO "A29"]
[NIC "EO.04"]
[Time "22:20:01"]
[PlyCount "232"]
[TimeControl "180+2"]

1. c4 Nc6 2. Nf3 e5 3. Nc3 Nf6 4. g3 Bc5 5. Bg2 e4 6. Ng5 Bxf2+ 7. Kxf2
Ng4+ 8. Ke1 Qxg5 9. Nxe4 Qe5 10. e3 h5 11. h3 Nf6 12. d4 Qe7 13. Nxf6+ Qxf6
14. Qf3 Qxf3 15. Bxf3 d6 16. Bd2 Bd7 17. b4 O-O-O 18. b5 Ne7 19. a4 Be8 20.
a5 Bd7 21. a6 b6 22. Kf2 Rde8 23. g4 hxg4 24. hxg4 d5 25. cxd5 Bxb5 26. Bb4
Ng6 27. Rxh8 Rxh8 28. Kg3 Kd7 29. g5 Ne7 30. Bg4+ Kd8 31. e4 Nc8 32. e5 Bc4
33. d6 cxd6 34. exd6 Bb5 35. Bf5 Bd7 36. Be4 Rh3+ 37. Kg2 Rb3 38. Ba3 b5
39. Bb7 Nb6 40. Bc5 Nc4 41. Bxa7 Ne3+ 42. Kf2 Ng4+ 43. Ke2 b4 44. Bd5 Bb5+
45. Kd2 Rd3+ 46. Kc2 Rc3+ 47. Kb2 Ne3 48. Bb6+ Kd7 49. a7 Nxd5 50. a8=Q Bc4
51. Qb7+ Kxd6 52. Qb8+ Kc6 53. Qa8+ Kxb6 54. Qa7+ Kc6 55. Qc5+ Kd7 56. Ra7+
Ke6 57. Qc6+ Kf5 58. Qd7+ Kxg5 59. Qxf7 Rb3+ 60. Ka1 Nc3 61. Qxg7+ Kf4 62.
Qf6+ Ke3 63. Qe5+ Kd3 64. Qf5+ Kd2 65. Qf4+ Kc2 66. Qf2+ Be2 67. Ra2+ Kd3
68. Qg3+ Kxd4 69. Qf4+ Kc5 70. Qe3+ Kb5 71. Qe5+ Kc4 72. Qe6+ Kd3 73. Qf5+
Ke3 74. Qe5+ Kf2 75. Qf5+ Ke1 76. Rxe2+ Nxe2 77. Qe6 Rd3 78. Qc4 Rd1+ 79.
Kb2 Rd2+ 80. Kb3 Nd4+ 81. Kxb4 Nc2+ 82. Kb3 Ne3 83. Qe4 Ke2 84. Kc3 Rd1 85.
Qe8 Rc1+ 86. Kd4 Rc4+ 87. Ke5 Kd3 88. Qd7+ Kc3 89. Qd8 Ng4+ 90. Kf5 Ne3+
91. Kf6 Rf4+ 92. Ke5 Rc4 93. Qa8 Ng4+ 94. Kf5 Ne3+ 95. Ke6 Nc2 96. Qa5+ Nb4
97. Kd6 Kb3 98. Qh5 Rc6+ 99. Kd7 Rc3 100. Qg4 Nd3 101. Qg8+ Kb4 102. Qg4+
Kb5 103. Qf5+ Nc5+ 104. Kc7 Re3 105. Qf1+ Nd3 106. Qb1+ Kc4 107. Qc2+ Kd4
108. Qa4+ Kd5 109. Qc6+ Kd4 110. Qd6+ Kc3 111. Kb7 Re1 112. Qc6+ Kd4 113.
Qd6+ Kc4 114. Qc7+ Nc5+ 115. Kb6 Re6+ 116. Ka5 Ra6# { White checkmated }
0-1

[Event "ICC tourney 2308 (3 2)"]
[Site "Internet Chess Club"]
[Date "2021.01.15"]
[Round "11"]
[White "leilei8514"]
[Black "mchessmaster"]
[Result "1-0"]
[ICCResult "Black resigns"]
[WhiteElo "1397"]
[BlackElo "1955"]
[Opening "Scotch game"]
[ECO "C45"]
[NIC "SO.05"]
[Time "22:35:50"]
[PlyCount "25"]
[TimeControl "180+2"]

1. e4 e5 2. Nf3 Nc6 3. d4 exd4 4. Nxd4 Bc5 5. Be3 Nxd4 6. Bxd4 Bxd4 7. Qxd4
Qf6 8. e5 Qc6 9. Nc3 Ne7 10. O-O-O Nf5 11. Qg4 d6 12. Bb5 Nd4 13. Bxc6+ {
Black resigns } 1-0

[Event "ICC tourney 2308 (3 2)"]
[Site "Internet Chess Club"]
[Date "2021.01.15"]
[Round "11"]
[White "blackjack721"]
[Black "arunjayanthi"]
[Result "1-0"]
[ICCResult "Black checkmated"]
[WhiteElo "1454"]
[BlackElo "1524"]
[Opening "Sicilian: O'Kelly variation"]
[ECO "B28"]
[NIC "SI.43"]
[Time "22:35:40"]
[PlyCount "23"]
[TimeControl "180+2"]

1. e4 c5 2. Nf3 a6 3. d4 cxd4 4. Qxd4 Nf6 5. Nc3 d6 6. Bg5 e5 7. Qc4 Be6 8.
Nd5 Qa5+ 9. c3 Nxd5 10. exd5 Bxd5 11. Qc8+ Qd8 12. Qxd8# { Black checkmated
} 1-0

[Event "ICC tourney 2308 (3 2)"]
[Site "Internet Chess Club"]
[Date "2021.01.15"]
[Round "11"]
[White "Jesuscalling"]
[Black "PearsonH"]
[Result "1-0"]
[ICCResult "Black checkmated"]
[WhiteElo "2050"]
[BlackElo "1752"]
[Opening "Queen's pawn"]
[ECO "A40"]
[NIC "QO.17"]
[Time "22:35:43"]
[PlyCount "41"]
[TimeControl "180+2"]

1. d4 e6 2. Nf3 d5 3. c3 Nf6 4. Bf4 Bd6 5. Bg3 O-O 6. e3 c5 7. Ne5 Nc6 8.
Nd2 Qc7 9. f4 Ne7 10. Bd3 Nf5 11. Qf3 Be7 12. O-O Nd6 13. Bh4 b6 14. Qh3 h6
15. g4 Bb7 16. g5 hxg5 17. Bxg5 Nfe4 18. Bxe7 Qxe7 19. Ndf3 f6 20. Ng6 Qf7
21. Qh8# { Black checkmated } 1-0

[Event "ICC tourney 2308 (3 2)"]
[Site "Internet Chess Club"]
[Date "2021.01.15"]
[Round "11"]
[White "ThomasBoyle"]
[Black "Kinawa"]
[Result "0-1"]
[ICCResult "White resigns"]
[WhiteElo "1283"]
[BlackElo "1535"]
[Opening "Caro-Kann: Tartakower (fantasy) variation"]
[ECO "B12"]
[NIC "CK.02"]
[Time "22:35:47"]
[PlyCount "34"]
[TimeControl "180+2"]

1. e4 c6 2. d4 d5 3. f3 Nd7 4. Nc3 dxe4 5. fxe4 e5 6. Nf3 exd4 7. Qxd4 Ngf6
8. Bc4 Bc5 9. Qd2 O-O 10. e5 Ng4 11. Ne4 Bb6 12. h3 Ngxe5 13. Nxe5 Nxe5 14.
Qf4 Nxc4 15. b3 Bd4 16. Rb1 Ne5 17. c3 Nd3+ { White resigns } 0-1

[Event "ICC tourney 2308 (3 2)"]
[Site "Internet Chess Club"]
[Date "2021.01.15"]
[Round "11"]
[White "sahina"]
[Black "clair"]
[Result "0-1"]
[ICCResult "White resigns"]
[WhiteElo "1550"]
[BlackElo "1681"]
[Opening "Modern defense"]
[ECO "A40"]
[NIC "QO.17"]
[Time "22:35:55"]
[PlyCount "52"]
[TimeControl "180+2"]

1. d4 g6 2. Bf4 Bg7 3. e3 d6 4. Nf3 e6 5. c3 Ne7 6. Nbd2 Nd7 7. Bd3 a6 8.
Qb3 b6 9. c4 Bb7 10. c5 dxc5 11. dxc5 Nxc5 12. Qc4 Qxd3 13. Qxd3 Nxd3+ 14.
Ke2 Nxb2 15. Bxc7 b5 16. a4 O-O 17. axb5 axb5 18. Rxa8 Rxa8 19. Rb1 Bxf3+
20. Nxf3 Nd5 21. Nd4 Nc3+ 22. Kd2 Nxb1+ 23. Kc2 Rc8 24. Kxb2 Rxc7 25. Kxb1
e5 26. Nxb5 Rb7 { White resigns } 0-1

[Event "ICC tourney 2308 (3 2)"]
[Site "Internet Chess Club"]
[Date "2021.01.15"]
[Round "11"]
[White "YKQ"]
[Black "chesssky"]
[Result "1-0"]
[ICCResult "Black resigns"]
[WhiteElo "2550"]
[BlackElo "1991"]
[Opening "Queen's pawn game"]
[ECO "D04"]
[NIC "QP.08"]
[Time "22:35:54"]
[PlyCount "37"]
[TimeControl "180+2"]

1. d4 d5 2. Nf3 Nf6 3. e3 c6 4. Bd3 Nbd7 5. b3 e6 6. Bb2 Bd6 7. Nbd2 b6 8.
Ne5 Qc7 9. f4 h5 10. O-O Bb7 11. c4 c5 12. Rc1 dxc4 13. Ndxc4 Bxe5 14. fxe5
Nd5 15. Nd6+ Ke7 16. Rxf7+ Kd8 17. Qd2 Ne7 18. e4 Nc6 19. Qg5+ { Black
resigns } 1-0

[Event "ICC tourney 2308 (3 2)"]
[Site "Internet Chess Club"]
[Date "2021.01.15"]
[Round "11"]
[White "coolsportsguy"]
[Black "saif-shawkat"]
[Result "1-0"]
[ICCResult "Black resigns"]
[WhiteElo "2330"]
[BlackElo "2059"]
[Opening "Queen's pawn, Mason variation"]
[ECO "D00"]
[NIC "QP.08"]
[Time "22:35:43"]
[PlyCount "45"]
[TimeControl "180+2"]

1. d4 d5 2. Bf4 Nf6 3. e3 e6 4. Nd2 Bd6 5. Bg3 O-O 6. c3 c5 7. Ngf3 Qc7 8.
Ne5 Nbd7 9. f4 Ne4 10. Nxe4 dxe4 11. Nc4 f5 12. d5 e5 13. fxe5 Nxe5 14.
Bxe5 Bxe5 15. d6 Bxd6 16. Qxd6 Qxd6 17. Nxd6 Be6 18. Bc4 Bxc4 19. Nxc4 Rad8
20. Rd1 Rxd1+ 21. Kxd1 Rd8+ 22. Ke2 b5 23. Ne5 { Black resigns } 1-0

[Event "ICC tourney 2308 (3 2)"]
[Site "Internet Chess Club"]
[Date "2021.01.15"]
[Round "11"]
[White "pracheth18"]
[Black "RatislavK"]
[Result "1-0"]
[ICCResult "Black resigns"]
[WhiteElo "1733"]
[BlackElo "1533"]
[Opening "Queen's pawn: London system"]
[ECO "A45"]
[NIC "QP.07"]
[Time "22:35:52"]
[PlyCount "61"]
[TimeControl "180+2"]

1. d4 Nf6 2. Bf4 g6 3. e3 Bg7 4. Nf3 d6 5. Bd3 O-O 6. O-O Nbd7 7. Nbd2 Nh5
8. Bg3 Nxg3 9. hxg3 e5 10. dxe5 dxe5 11. e4 Nc5 12. Qe2 Nxd3 13. cxd3 Re8
14. Nc4 b5 15. Ne3 c5 16. Nd5 Bb7 17. Ne3 Rc8 18. Rac1 a5 19. b3 Ba6 20.
Rfd1 a4 21. bxa4 bxa4 22. Nc4 Qc7 23. Qe3 Re7 24. Rb1 Rd7 25. Nb6 Rcd8 26.
Nxd7 Rxd7 27. Rbc1 Qd8 28. Rxc5 Rxd3 29. Rxd3 Bxd3 30. Rd5 Qb8 31. Qxd3 {
Black resigns } 1-0